 Dungeon Crawl Stone Soup version 0.24-a0-451-g263dff2034 (webtiles) character file.

Game seed: 6019416231306299619

21 Mrkan the Shield-Bearer (level 2, -1/20 HPs)
             Began as a Gargoyle Fighter on June 26, 2019.
             Slain by Sigmund
             ... wielding a +0 scythe
              (5 damage)
             ... on level 2 of the Dungeon.
             The game lasted 00:01:15 (1011 turns).

Mrkan the Shield-Bearer (Gargoyle Fighter)          Turns: 1011, Time: 00:01:15

Health: -1/20      AC:  9    Str: 19    XL:     2   Next: 87%
Magic:  2/2        EV:  7    Int:  8    God:
Gold:   72         SH:  9    Dex:  9    Spells: 1/1 levels left

rFire    . . .     SeeInvis .   a - +0 flail
rCold    . . .     Gourm    .   c - +0 shield
rNeg     + . .     Faith    .   b - +0 scale mail
rPois    ∞         Spirit   .   (no helmet)
rElec    +         Reflect  .   (no cloak)
rCorr    .         Harm     .   (no gloves)
MR       .....                  (no boots)
Stlth    ..........             (no amulet)
HPRegen  0.06/turn              (no ring)
MPRegen  0.08/turn              (no ring)

@: no status effects
A: negative energy resistance 1, electricity resistance, unbreathing,
petrification resistance, rot immunity, AC +2
a: no special abilities


You were on level 2 of the Dungeon.
You were not hungry.

You visited 1 branch of the dungeon, and saw 2 of its levels.

You collected 72 gold pieces.

Inventory:

Hand Weapons
 a - a +0 flail (weapon)
Armour
 b - a +0 scale mail (worn)
 c - a +0 shield (worn)
Jewellery
 i - an uncursed ring of positive energy {unknown}
Scrolls
 e - 2 scrolls of magic mapping {unknown}
 g - 2 scrolls of remove curse {unknown}
 j - a scroll of teleportation {unknown}
Potions
 d - a potion of might
 h - a potion of degeneration {unknown}
Comestibles
 f - 6 rations


   Skills:
 + Level 3.6 Fighting
 - Level 2.0 Maces & Flails
 - Level 3.2 Armour
 * Level 4.1 Shields


You had one spell level left.
You didn't know any spells.
Your spell library was empty.

Dungeon Overview and Level Annotations

Branches:
Dungeon (2/15)

Altars:

Annotations:
D:2 Sigmund


Innate Abilities, Weirdness & Mutations

You are resistant to torment.
Your stone body is resilient. (AC +2)
You are immune to poison.
You resist negative energy. (rN+)
You are resistant to electric shocks. (rElec)
You can survive without breathing.
You are immune to petrification.
You are immune to rotting.


Message History

You completely miss the kobold. You block the hobgoblin's attack.
The kobold hits you but does no damage. Something hits you but does no damage.
You block the hobgoblin's attack. The kobold closely misses you.
You closely miss the kobold. Something hits you.
The hobgoblin hits you but does no damage.
You block the kobold's attack.
You barely miss the kobold. You block the hobgoblin's attack.
The kobold barely misses you. Something hits you.
You sock the kobold!
You kill the kobold!
The hobgoblin barely misses you. Something hits you but does no damage.
The hobgoblin barely misses you.
The leopard gecko bites you but does no damage.
You miss the leopard gecko. The leopard gecko bites you. Something hits you!
* * * LOW HITPOINT WARNING * * *
The hobgoblin hits you but does no damage.
You closely miss the leopard gecko.
The leopard gecko bites you but does no damage.
You block the hobgoblin's attack. Something hits you.
You die...

#.##.### ##
#..g...##.#
####.#.#.#
##...#
##.## #g#
#{# #g# #@#
.....Sl.#
.########


You could see an adder, a leopard gecko and 2 hobgoblins.

Vanquished Creatures
  A worm (D:1)
  2 bats
  A giant cockroach (D:2)
  2 goblins (D:1)
  4 hobgoblins
  A quokka (D:2)
  A frilled lizard (D:2)
  2 kobolds
  2 rats (D:1)
16 creatures vanquished.

Notes
Turn   | Place    | Note
-------+----------+-------------------------------------------
     0 | D:1      | Mrkan the Gargoyle Fighter began the quest for the Orb.
     0 | D:1      | Reached XP level 1. HP: 14/14 MP: 1/1
   207 | D:1      | Reached XP level 2. HP: 19/19 MP: 2/2
   898 | D:2      | Noticed Sigmund
   929 | D:2      | Reached skill level 4 in Shields
  1011 | D:2      | Slain by Sigmund

Levels and vault maps discovered:
D:1:      dpeg_arrival_brainrot, layout_basic, moated_statue
D:2:      layout_loops_ring, serial_bayou_lagoon_a,
          minmay_misc_feat_more_columns, uniq_sigmund, uniq_natasha

Skill      XL: |  1  2 |
---------------+-------+-----
Shields        | 4 |  4.1
Fighting       | |  3.6
Maces & Flails | |  2.0
Armour         | |  3.2

Action                   || total
-------------------------++-------
Melee: Flail             ||    67
  Use: Potion            ||     2
Armor: Scale mail        ||    77
Dodge: Dodged            ||    43
Block: Shield            ||    67

Table legend:
 A = Non-vault XP
 B = Vault XP
 C = Vault XP percentage of total XP
 D = Non-vault monster count
 E = Vault monster count
 F = Vault count percentage of total count
                 A         B        C        D         E       F
            +---------+---------+-------+---------+---------+-------
      Total |      25 |       6 |  19.4 |      15 |       1 |   6.2
            +---------+---------+-------+---------+---------+-------
        D:1 |      13 |       6 |  31.6 |       8 |       1 |  11.1
        D:2 |      12 |       0 |   0.0 |       7 |       0 |   0.0
            +---------+---------+-------+---------+---------+-------
